 Dungeon Crawl Stone Soup version 0.22-a0-445-g8c8ef71 (webtiles) character file.

104 4thArraOfDagon the Magician (level 4, -3/21 HPs)
             Began as a Spriggan Fire Elementalist on June 2, 2018.
             Slain by an adder (4 damage)
             ... on level 4 of the Dungeon.
             The game lasted 00:03:49 (702 turns).

4thArraOfDagon the Magician (SpFE)                   Turns: 702, Time: 00:03:50

Health: -3/21      AC:  3    Str:  4    XL:     4   Next: 52%
Magic:  2/10       EV: 18    Int: 17    God:
Gold:   117        SH:  0    Dex: 16    Spells: 6/10 levels left

rFire    . . .     SeeInvis +   b - +0 short sword (protect)
rCold    . . .     Gourm    .   (shield restricted)
rNeg     . . .     Faith    .   a - +1 robe
rPois    .         Spirit   .   (helmet restricted)
rElec    .         Reflect  .   (no cloak)
rCorr    .         Harm     .   (gloves unavailable)
MR       .....                  (boots unavailable)
Stlth    ++........             (no amulet)
HPRegen  0.07/turn              (no ring)
MPRegen  0.12/turn              (no ring)

@: lethally poisoned (-3 -> -11), very slightly contaminated, very quick
A: very small, unfitting armour, see invisible, herbivore, speed 3, slow
metabolism 2
a: no special abilities


You were on level 4 of the Dungeon.
You were not hungry.

You visited 1 branch of the dungeon, and saw 7 of its levels.

You collected 117 gold pieces.

Inventory:

Hand Weapons
 b - a +0 short sword of protection (weapon)
Armour
 a - a +1 robe (worn)
Wands
 e - a wand of clouds (5)
Scrolls
 f - a scroll of enchant armour
 g - a scroll of teleportation
 h - 3 scrolls of amnesia {unknown}
Potions
 d - 2 potions of haste
 i - a potion of curing {unknown}
Comestibles
 c - 4 rations


   Skills:
 - Level 3.0 Dodging
 - Level 3.0 Stealth
 + Level 3.5 Spellcasting
 * Level 2.0 Conjurations
 * Level 3.3 Fire Magic


You had 6 spell levels left.
You knew the following spells:

 Your Spells              Type           Power        Failure   Level  Hunger
a - Flame Tongue          Conj/Fire      ##...        5%          1    None
b - Conjure Flame         Conj/Fire      ##......     16%         3    ###....

Your spell library contained the following spells:

 Spells                   Type           Power        Failure   Level  Hunger
 Fireball                 Conj/Fire      ##........   83%         5    ######.
 Throw Flame              Conj/Fire      ##....       9%          2    ##.....
 Sticky Flame             Conj/Fire      ##......     47%         4    ####...
 Inner Flame              Hex/Fire       #.......     26%         3    ###....


Dungeon Overview and Level Annotations

Branches:
Dungeon (7/15)
 Temple: D:4-7

Altars:

Shops:
D:5 (

Annotations:
D:6 epen's ghost, novice OpMo


Innate Abilities, Weirdness & Mutations

You are very small and have problems with some larger weapons.
You are too small for most types of armour.
You have supernaturally acute eyesight. (SInv)
You are a herbivore.
You cover ground extremely quickly.
You need to consume almost no food.


Message History

Casting: Flame Tongue (safe; 5% risk of failure)
Confirm with . or Enter, or press ? or * to list all spells.
Aiming: Flame Tongue (safe; 5% risk of failure)
Press: ? - help, Shift-Dir - straight line, f/p - river rat
Aim: a river rat (almost dead)
The flame tongue hits the river rat.
You kill the river rat!
* * * LOW HITPOINT WARNING * * *
You feel sick. The adder closely misses you. The adder bites you.
* * * LOW HITPOINT WARNING * * *
Casting: Flame Tongue (safe; 5% risk of failure)
Confirm with . or Enter, or press ? or * to list all spells.
Aiming: Flame Tongue (safe; 5% risk of failure)
Press: ? - help, Shift-Dir - straight line, f - adder
Aim: an adder The flame tongue hits the adder.
The adder is moderately wounded.
* * * LOW HITPOINT WARNING * * *
You feel sick. The adder bites you.
You die...

.....## ......#
≈..# .)..#.# w..##
###S#.# Sr..# #..##
≈...# ##..# §...#
##.# ....#
#.############....#
#........÷.S@.....#
###################


You could see an adder.

Vanquished Creatures
  A killer bee (D:6)
  An iguana (D:4)
  An adder (D:2)
  A river rat (D:4)
  A shadow imp (D:5)
  A leopard gecko (D:6)
  An orc (D:5)
  A ball python (D:1)
  A goblin (D:4)
  A hobgoblin (D:3)
  A frilled lizard (D:4)
11 creatures vanquished.

Notes
Turn   | Place    | Note
-------+----------+-------------------------------------------
     0 | D:1      | 4thArraOfDagon the Spriggan Fire Elementalist began the quest for the Orb.
     0 | D:1      | Reached XP level 1. HP: 9/9 MP: 5/5
    82 | D:2      | Reached skill level 1 in Conjurations
    82 | D:2      | Reached XP level 2. HP: 13/13 MP: 0/6
   274 | D:4      | Reached XP level 3. HP: 16/16 MP: 3/8
   306 | D:5      | Entered Level 5 of the Dungeon
   389 | D:5      | Learned a level 3 spell: Conjure Flame
   489 | D:7      | Noticed a killer bee
   489 | D:7      | Noticed a killer bee
   489 | D:7      | Noticed a killer bee
   489 | D:7      | Noticed a killer bee
   489 | D:7      | Noticed a killer bee
   489 | D:7      | Noticed a killer bee
   489 | D:7      | Noticed a hippogriff
   506 | D:6      | Killed a killer bee
   506 | D:6      | Reached XP level 4. HP: 21/21 MP: 6/10
   523 | D:7      | Noticed an orc warrior
   565 | D:6      | Noticed epen's ghost (novice OpMo)
   570 | D:6      | Noticed a bullfrog
   628 | D:5      | Found Qeujicu's Weapon Shop.
   702 | D:4      | HP: 1/21 [poisoned by an adder]
   702 | D:4      | Slain by an adder

Vault maps used:
D:1:      minmay_arrival_plants_in_alcoves
D:2:      chequers_ecumenical_altar_lobes, kennysheep_generic_room_3
D:3:      first_ration
D:4:      bloody_trog, amethyst_overflow_temple_binary, kennysheep_little_box,
          lightli_sewer_entry_pipes, grunt_ashenzari_visionary
D:5:      serial_shops, nicolae_shop_window_shopping, uniq_ijyb
D:6:      minitemple, uniq_edmund
D:7:      temple_hall, serial_shops, kennysheep_mini, the_bakery

Skill      XL: |  1  2  3 |
---------------+----------+-----
Conjurations   | 1 2 |  2.0
Spellcasting   | 3 |  3.5
Fire Magic     | 3 |  3.3
Dodging        | |  3.0
Stealth        | |  3.0

Action                   |  1- 3 |  4- 6 || total
-------------------------+-------+-------++-------
 Cast: Flame Tongue      |    21 |    13 ||    34
Evoke: Wand              |     1 |       ||     1
  Use: Scroll            |     6 |     1 ||     7
       Potion            |     2 |       ||     2
Armor: Robe              |     1 |     1 ||     2
Dodge: Dodged            |    24 |     9 ||    33

Table legend:
 A = Spawn XP
 B = Non-spawn XP
 C = Spawn XP percentage of total XP
 D = Spawn monster count
 E = Non-spawn monster count
 F = Spawn count percentage of total count
 G = Total turns spent on level
                    A         B        C        D         E        F      G
               +---------+---------+-------+---------+---------+-------+---------
         Total |       0 |     149 |   0.0 |       0 |      11 |   0.0 |   702
               +---------+---------+-------+---------+---------+-------+---------
           D:1 |       0 |       2 |   0.0 |       0 |       1 |   0.0 |    26
           D:2 |       0 |      14 |   0.0 |       0 |       1 |   0.0 |    95
           D:3 |       0 |       2 |   0.0 |       0 |       1 |   0.0 |    92
           D:4 |       0 |      53 |   0.0 |       0 |       4 |   0.0 |   144
           D:5 |       0 |      14 |   0.0 |       0 |       2 |   0.0 |   215
           D:6 |       0 |      64 |   0.0 |       0 |       2 |   0.0 |   101
               +---------+---------+-------+---------+---------+-------+---------
